 Dungeon Crawl Stone Soup version 0.21-a0-50-g941c862 (webtiles) character file.

2263 graymark the Cleaver (level 9, -3/71 HPs)
             Began as a Demonspawn Abyssal Knight on June 11, 2017.
             Was an Elder of Lugonu.
             Slain by a wyvern (18 damage)
             ... on level 8 of the Dungeon.
             The game lasted 00:30:53 (9233 turns).

graymark the Cleaver (Demonspawn Abyssal Knight)    Turns: 9233, Time: 00:30:54

Health: -3/71      AC:  9    Str: 18    XL:     9   Next: 15%
Magic:  11/11      EV: 11    Int: 14    God:    Lugonu [****..]
Gold:   300        SH:  0    Dex: 16    Spells: 8/8 levels left

rFire    . . .     SeeInvis +   l - +3 broad axe
rCold    + . .     Gourm    .   (no shield)
rNeg     . . .     Faith    .   b - +0 leather armour
rPois    .         Spirit   .   (helmet unavailable)
rElec    .         Reflect  .   (no cloak)
rCorr    +         Harm     +   f - +2 pair of gloves
MR       .....                  z - +0 pair of boots
Stlth    ++........             G - amulet of harm
Regen    0.3/turn               n - +3 ring of protection
MPRegen  0.2/turn               I - ring of resist corrosion

@: no status effects
A: antennae 3, thin skeletal structure 2, cold resistance 1, deformed body,
sense surroundings 1, powered by death 1, strong 1
a: Depart the Abyss, Bend Space, Banish, Corrupt, Renounce Religion


You were on level 8 of the Dungeon.
You worshipped Lugonu.
Lugonu was greatly pleased with you.
You were not hungry.

You visited 1 branch of the dungeon, and saw 8 of its levels.
You visited the Abyss 1 time.

You collected 528 gold pieces.
You spent 228 gold pieces at shops.

Inventory:

Hand Weapons
 a - a +1 hand axe
 l - a +3 broad axe (weapon)
Missiles
 q - 3 javelins
 y - 5 poisoned javelins (quivered)
Armour
 b - a +0 leather armour (worn)
 f - a +2 pair of gloves (worn)
 z - a +0 pair of boots (worn)
Jewellery
 n - a +3 ring of protection (left hand)
 G - an amulet of harm (around neck)
 I - a ring of resist corrosion (right hand)
Wands
 i - a wand of flame (0/48)
 t - a wand of scattershot (3/9)
 E - a wand of acid (7/15)
 F - a wand of polymorph (6/24)
Scrolls
 e - a scroll of fog {unknown}
 g - 3 scrolls of remove curse
 j - a scroll of blinking {unknown}
 u - a scroll of recharging
 D - a scroll of torment {unknown}
Potions
 d - a potion of ambrosia
 h - a potion of curing
 k - a potion of berserk rage {unknown}
 o - a potion of resistance {unknown}
 r - a potion of flight
 w - a potion of agility
 B - a potion of heal wounds {unknown}
Books
 p - Vehumet's Papyrus of Conjuration
   (You found it on level 3 of the Dungeon)

   Spells                             Type                      Level
   a - Magic Dart                     Conjuration                  1
 v - a book of Misfortune

   Spells                             Type                      Level
   a - Confusing Touch                Hexes                        1
   b - Confuse                        Hexes                        3
   c - Gell's Gravitas                Translocation                3
   d - Petrify                        Transmutation/Earth          4
   e - Metabolic Englaciation         Hexes/Ice                    5
   f - Yara's Violent Unravelling     Hexes/Transmutation          5
Comestibles
 c - 8 bread rations
 s - 3 royal jellies
 x - 3 fruits
 A - a chunk of flesh
 C - 2 meat rations


   Skills:
 + Level 6.6 Fighting
 * Level 8.0 Axes
 + Level 5.8 Armour
 - Level 0.8 Dodging
 - Level 3.4 Invocations


You had 8 spell levels left.
You didn't know any spells.

Dungeon Overview and Level Annotations

Branches:
Dungeon (8/15)             Temple (0/1) D:7
   Lair: D:8-11

Altars:
Dithmenos
Gozag
Kikubaaqudgha
Nemelex Xobeh
Okawaru
Ru
Sif Muna
Trog
Uskayaw
Vehumet
Wu Jian
Zin
The Shining One

Shops:
D:6 *

Annotations:
D:7 KristoblXynda's ghost, novice CeGl
D:8 exclusion: orange crystal statue


Innate Abilities, Weirdness & Mutations

You have a pair of large antennae on your head. (SInv)
You have a moderately thin skeletal structure. (Dex +4, Stealth+)
Your flesh is cold resistant. (rC+)
You regenerate a little health from kills.
Armour fits poorly on your strangely shaped body.
You passively map a small area around you.
Your muscles are strong. (Str +2)


Message History

There is an open door here.
A wyvern comes into view.
Found a shadowy altar of Dithmenos.
Found 17 arrows.
The wyvern hisses angrily.
You see here 17 arrows.
The wyvern bites you! x2
You closely miss the wyvern. The wyvern bites you.
The wyvern closely misses you.
You hit the wyvern but do no damage. The wyvern bites you!!
* * * LOW HITPOINT WARNING * * *
You hit the wyvern.
The wyvern is lightly wounded.
The wyvern bites you.
* * * LOW HITPOINT WARNING * * *
The wyvern barely misses you.
You hit the wyvern.
The wyvern is moderately wounded.
The wyvern misses you. The wyvern bites you!
You die...

, ##............#
..###..##.######.#
, #..#..###.# * *
, #.....##..###
............#
........##..# *
..._...####.# ,
........##..# * ,
......l@(...# *
#.....##...## ** *
* , #..#. ##......
, . #* #.##### ,
,* * ,..# * , ####
* , * * * *


You could see a wyvern.

Vanquished Creatures
  Grinder (D:4)
  2 ice beasts
  A black bear (D:7)
  2 phantoms
  3 ogres
  2 bullfrogs
  A water moccasin skeleton (D:6)
  2 scorpions
  3 wights (D:5)
  A howler monkey (D:5)
  A crimson imp (D:7)
  A centaur zombie (D:8)
  2 hounds (D:8)
  A jelly (D:8)
  A quasit (D:6)
  3 orc priests
  A bullfrog skeleton (D:5)
  A gnoll shaman (D:7)
  3 iguanas
  4 orc wizards
  Terence (D:2)
  6 worker ants
  A hound zombie (D:6)
  A worker ant zombie (D:6)
  Robin (D:4)
  3 gnolls (D:7)
  4 adders
  A shadow imp (D:7)
  2 oozes
  An adder zombie (D:8)
  A worm (D:5)
  2 dart slugs
  7 leopard geckos
  10 orcs
  3 ball pythons
  7 giant cockroaches
  14 goblins
  13 hobgoblins
  9 jackals
  6 kobolds
  3 quokkas
  7 bats (D:2)
  4 frilled lizards
  2 quokka skeletons
  7 rats
  A bush (D:2)
  2 plants (D:2)
155 creatures vanquished.

Notes
Turn   | Place    | Note
-------+----------+-------------------------------------------
     0 | Abyss:1  | graymark the Demonspawn Abyssal Knight began the quest for the Orb.
     0 | Abyss:1  | Reached XP level 1. HP: 18/18 MP: 2/2
   121 | Abyss:1  | Noticed a shadow dragon skeleton
   123 | D:1      | Escaped the Abyss
   286 | D:1      | Reached * piety under Lugonu
   426 | D:1      | Gained mutation: You regenerate a little health from kills. [demonic ancestry]
   426 | D:1      | Reached XP level 2. HP: 22/24 MP: 4/4
  1016 | D:2      | Gained mutation: You have a pair of small antennae on your head. [demonic ancestry]
  1016 | D:2      | Reached XP level 3. HP: 29/29 MP: 5/5
  1042 | D:2      | Reached skill level 2 in Axes
  1346 | D:2      | Found an iron altar of Okawaru.
  1365 | D:2      | Reached ** piety under Lugonu
  2051 | D:2      | Noticed Terence
  2066 | D:2      | Killed Terence
  2066 | D:2      | Gained mutation: Your flesh is cold resistant. (rC+) [demonic ancestry]
  2066 | D:2      | Reached XP level 4. HP: 22/35 MP: 6/6
  2528 | D:3      | Found a radiant altar of Vehumet.
  2530 | D:3      | Found an ancient bone altar of Kikubaaqudgha.
  2531 | D:3      | Found a deep blue altar of Sif Muna.
  2536 | D:3      | Identified Vehumet's Papyrus of Conjuration
  2971 | D:3      | Reached skill level 3 in Axes
  3152 | D:3      | Gained mutation: You have a somewhat thin skeletal structure. (Dex +2, Stealth) [demonic ancestry]
  3152 | D:3      | Reached XP level 5. HP: 6/42 MP: 7/7
  3704 | D:4      | Noticed Grinder
  3719 | D:4      | Paralysed by Grinder for 3 turns
  3722 | D:4      | Killed Grinder
  3722 | D:4      | Reached skill level 4 in Axes
  3722 | D:4      | Gained mutation: You have a pair of antennae on your head. [demonic ancestry]
  3722 | D:4      | Reached XP level 6. HP: 19/48 MP: 8/8
  3929 | D:4      | Noticed Robin
  3972 | D:4      | Killed Robin
  4256 | D:4      | Reached *** piety under Lugonu
  4624 | D:4      | Gained mutation: You have a moderately thin skeletal structure. (Dex +4, Stealth+) [demonic ancestry]
  4624 | D:4      | Reached XP level 7. HP: 26/55 MP: 9/9
  4994 | D:4      | Found an opulent altar of Gozag.
  5038 | D:5      | Entered Level 5 of the Dungeon
  5038 | D:5      | Found a hide-covered altar of Uskayaw.
  5046 | D:5      | Reached skill level 5 in Axes
  5281 | D:5      | Found a bloodstained altar of Trog.
  5836 | D:5      | Reached skill level 5 in Fighting
  6666 | D:6      | Found Iruwaf's General Store.
  6677 | D:6      | Bought a scroll of enchant armour for 90 gold pieces
  6677 | D:6      | Bought a scroll of identify for 24 gold pieces
  6680 | D:6      | Bought a scroll of recharging for 114 gold pieces
  6819 | D:6      | Gained mutation: You have a pair of large antennae on your head. (SInv) [demonic ancestry]
  6819 | D:6      | Reached XP level 8. HP: 60/63 MP: 10/10
  6850 | D:6      | Reached skill level 6 in Axes
  7462 | D:6      | Reached skill level 5 in Armour
  7910 | D:7      | Found a glowing silver altar of Zin.
  7924 | D:7      | Reached skill level 7 in Axes
  7926 | D:7      | Reached **** piety under Lugonu
  7939 | D:7      | Found a sparkling altar of Nemelex Xobeh.
  7946 | D:7      | Found an ornate altar of the Wu Jian Council.
  7955 | D:7      | Found a sacrificial altar of Ru.
  8278 | D:7      | Noticed KristoblXynda's ghost (novice CeGl)
  8601 | D:7      | Found a glowing golden altar of the Shining One.
  8622 | D:7      | Found a staircase to the Ecumenical Temple.
  8855 | D:8      | Reached XP level 9. HP: 59/71 MP: 11/11
  8978 | D:8      | Noticed an orange crystal statue
  9108 | D:8      | Reached skill level 8 in Axes
  9127 | D:8      | Gained mutation: Armour fits poorly on your strangely shaped body. [potion of mutation]
  9127 | D:8      | Gained mutation: You passively map a small area around you. [potion of mutation]
  9127 | D:8      | Gained mutation: Your muscles are strong. (Str +2) [potion of mutation]
  9221 | D:8      | Found a shadowy altar of Dithmenos.
  9233 | D:8      | Slain by a wyvern

Vault maps used:
D:1:      dpeg_arrival_simpleton_c
D:2:      lemuel_crystal_altar, serial_forest, infiniplex_forest_clump_curved,
          infiniplex_forest_lined_4_way, infiniplex_forest_clump_curved,
          infiniplex_forest_straight_4, uniq_terence
D:3:      grunt_temple_overflow_magic_moments, first_bread,
          kennysheep_generic_room_7
D:4:      marbit_many_paths, uniq_robin, uniq_grinder
D:5:      eat_drink_and_be_merry_uskayaw, trog_butcher_becter
D:6:      serial_shops, shop
D:7:      tso_metal_star, grunt_temple_overflow_cloverleaf, temple_statues,
          uniq_menkaure
D:8:      minmay_statue_hallways, nicolae_dithmenos_shadow_blocks

Skill      XL: |  1  2  3  4  5  6  7  8  9 |
---------------+----------------------------+-----
Armour         | 2 3 4 5 |  5.8
Invocations    | 3 |  3.4
Axes           | 2 3 4 5 7 8 |  8.0
Fighting       | 4 5 6 |  6.6
Dodging        | |  0.8

Action                   |  1- 3 |  4- 6 |  7- 9 || total
-------------------------+-------+-------+-------++-------
Melee: Hand axe          |   328 |   185 |   152 ||   665
       Broad axe         |       |       |   157 ||   157
Throw: Javelin           |       |       |    14 ||    14
Invok: Depart the Abyss  |     1 |       |       ||     1
Evoke: Wand              |       |     3 |    10 ||    13
  Use: Scroll            |     4 |     2 |    13 ||    19
       Potion            |     2 |     1 |     2 ||     5
 Stab: Sleeping          |     3 |     1 |    11 ||    15
       Distracted        |       |       |     1 ||     1
  Eat: Chunk             |     4 |     9 |    13 ||    26
       Royal jelly       |       |       |     1 ||     1
Armor: Leather armour    |    63 |    65 |   131 ||   259
Dodge: Dodged            |   108 |    89 |   162 ||   359
